 Dungeon Crawl Stone Soup version 0.20.0-6-gd3061e9 (webtiles) character file.

599869 HungrySpirit the Impregnable (level 27, -6/198 HPs)
             Began as a Halfling Ice Elementalist on May 28, 2017.
             Was the Champion of Okawaru.
             Mangled by a death cob (10 damage)
             ... summoned by a shadow demon
             ... on level 5 of the Realm of Zot.
             The game lasted 04:15:40 (76892 turns).

HungrySpirit the Impregnable (HaIE)                Turns: 76892, Time: 04:15:40

Health: -6/198     AC: 40    Str: 12    XL:     27
Magic:  27/35      EV: 29    Int: 11    God:    Okawaru [******]
Gold:   1890       SH:  0    Dex: 29    Spells: 28/29 levels left

rFire    + + .     SeeInvis .   Y - +10 double sword of Breach {freeze, Int+2 Stlth+}
rCold    + + .     Gourm    .   (shield currently unavailable)
rNeg     + + +     Faith    +   n - +7 ice dragon scales
rPois    +         Spirit   .   F - +0 helmet of Ucar {+Inv Regen+ Int-4 Stlth+}
rElec    .         Reflect  .   Q - +1 cloak {rPois}
rCorr    .         Harm     .   v - +4 pair of gloves "Fiossuf" {rF+ Dex+2}
MR       ++...     Rnd*Rage +   i - +1 pair of boots {run}
Stlth    +++.......             D - amulet of faith
Regen    0.9/turn               p - ring of protection from fire
MPRegen  0.3/turn               j - ring of Suipp {+Inv rPois rN+++ Dex+2 Slay+3}

@: finesse, berserk cooldown, quick
A: berserk 1, fire resistance 1, mutation resistance 1, MP-powered wands
0: Orb of Zot
}: 3/15 runes: serpentine, barnacled, silver
a: Heroism, Finesse, Renounce Religion, Evoke Invisibility


You were on level 5 of the Realm of Zot.
You worshipped Okawaru.
Okawaru was exalted by your worship.
You were not hungry.

You visited 9 branches of the dungeon, and saw 47 of its levels.
You visited the Abyss 1 time.
You visited 1 bazaar.
You visited 1 ziggurat, and saw 1 of its levels.
You also visited: Trove.

You collected 5434 gold pieces.
You spent 3544 gold pieces at shops.

Inventory:

Hand Weapons
 U - the +11 rapier "Raczysm" {drain, rElec rN+}
   (You took it off an ironheart preserver on level 4 of the Vaults)

   A truly terrible weapon, it drains the life of those it strikes.
   It insulates you from electricity.
   It protects you from negative energy.
 Y - the +10 double sword of Breach (weapon) {freeze, Int+2 Stlth+}
   (Okawaru gifted it to you on level 2 of the Lair of Beasts)

   It has been specially enchanted to freeze those struck by it, causing extra
   injury to most foes and up to half again as much damage against particularly
   susceptible opponents.
   It can also slow down cold-blooded creatures.
   It affects your intelligence (+2).
   It makes you more stealthy.
Armour
 i - a +1 pair of boots of running (worn)
 n - +7 ice dragon scales (worn)
 q - a +1 pair of boots of flying
 v - the +4 pair of gloves "Fiossuf" (worn) {rF+ Dex+2}
   (Okawaru gifted it to you on level 2 of the Lair of Beasts)

   It affects your dexterity (+2).
   It protects you from fire.
 F - the +0 helmet of Ucar (worn) {+Inv Regen+ Int-4 Stlth+}
   (Okawaru gifted it to you on level 6 of the Lair of Beasts)

   It affects your intelligence (-4).
   It lets you turn invisible.
   It increases your rate of regeneration.
   It makes you more stealthy.
 Q - a +1 cloak of poison resistance (worn)
Jewellery
 j - the ring of Suipp (right hand) {+Inv rPois rN+++ Dex+2 Slay+3}
   (You bought it in a shop on level 4 of the Snake Pit)

   [ring of poison resistance]

   It affects your dexterity (+2).
   It affects your accuracy and damage with ranged weapons and melee attacks
   (+3).
   It protects you from poison.
   It renders you almost immune to negative energy.
   It lets you turn invisible.
 p - a ring of protection from fire (left hand)
 t - an uncursed ring of stealth
 D - an amulet of faith (around neck)
 K - an uncursed ring of resist corrosion
Wands
 y - a wand of paralysis (17/24)
 z - a wand of digging (19/24)
 W - a wand of confusion (39/48)
Scrolls
 a - 8 scrolls of teleportation
 d - 18 scrolls of remove curse
 e - 8 scrolls of recharging
 r - 3 scrolls of fear
 w - a scroll of identify
 x - a scroll of holy word
 O - 2 scrolls of brand weapon
 X - a scroll of summoning
Potions
 f - 6 potions of cancellation
 g - 15 potions of flight
 k - 4 potions of ambrosia
 s - a potion of heal wounds
 C - 2 potions of resistance
 E - 2 potions of mutation
 H - 9 potions of curing
 I - a potion of invisibility
 P - 4 potions of agility
 R - 6 potions of magic
 V - 5 potions of brilliance
Miscellaneous
 b - a lightning rod (4/4)
 h - a fan of gales (inert)
 l - a phial of floods
 o - a lamp of fire
 A - a phial of floods
 G - 2 sacks of spiders
 J - a lightning rod (4/4)
 L - a box of beasts
 M - a lamp of fire
 N - a phial of floods
 S - a lamp of fire
 Z - a phial of floods
Comestibles
 c - 28 bread rations
 m - 9 meat rations
 T - a fruit


   Skills:
 + Level 19.0 Fighting
 - Level 11.2(19.7) Short Blades
 - Level 21.9(22.4) Long Blades
 * Level 24.7 Armour
 - Level 19.3 Dodging
 - Level 15.7 Stealth
   Level 4.5 Shields
 - Level 1.5 Spellcasting
   Level 0.7 Conjurations
 - Level 3.0 Ice Magic
 - Level 5.0 Invocations
 - Level 16.5 Evocations


You had 28 spell levels left.
You knew the following spells:

 Your Spells              Type           Power        Failure   Level  Hunger
a - Freeze                Ice            #...         22%         1    ##.....


Dungeon Overview and Level Annotations

Branches:
Dungeon (15/15)            Temple (1/1) D:7            Lair (6/6) D:9
 Shoals (4/4) Lair:4        Snake (4/4) Lair:3        Slime (0/5) Lair:6
    Orc (2/2) D:10            Elf (0/3) Orc:2        Vaults (5/5) D:14
  Crypt (0/3) Vaults:2     Depths (5/5) D:15            Zot (5/5) Depths:5

Altars:
Ashenzari
Cheibriados
Dithmenos
Fedhas
Gozag
Kikubaaqudgha
Makhleb
Nemelex Xobeh
Okawaru
Ru
Sif Muna
Trog
Vehumet
Xom
Yredelemnul
Zin
The Shining One

Shops:
D:5 (   D:6 }   D:11 :   Orc:2 [[!*   Shoals:2 }   Snake:2 (%*   Snake:4 *=
Depths:1 }[   Depths:5 [

Portals:
Hell: Depths:1* Depths:2 Depths:3 Depths:4 Depths:5
Abyss: Depths:3 Depths:4
Pandemonium: Depths:3 Depths:5

Annotations:
D:4 exclusion: door
Lair:1 exclusion: 2 oklob plants
Shoals:1 kuniqs's ghost, adept VSFi
Snake:3 exclusion: door, Bai Suzhen
Snake:4 exclusion: upstairs
Vaults:3 exclusion: door, Mennas
Depths:4 exclusions: 2 doors and upstairs
Depths:5 exclusion: upstairs
Zot:2 exclusion: upstairs
Zot:4 exclusion: upstairs
Zot:5 exclusion: 2 upstairs


Innate Abilities, Weirdness & Mutations

You are small and have problems with some larger weapons.
You are somewhat resistant to further mutation.
You tend to lose your temper in combat.
Your flesh is heat resistant. (rF+)
You expend magic power (3 MP) to strengthen your wands.


Message History

Unknown command.
Okay, then.
Okay, then.
Okay, then.
Okay, then.
Okay, then.
Okay, then.
Okay, then.
Okay, then.
Okay, then.
Evoke which item? (* to show all) (? for menu, Esc to quit)
A mighty gale blasts forth from the fan!
The monsters around you are blown away!
Something collides with the redback!
The redback collides with the chaos spawn!
You kill the chaos spawn!
Okawaru accepts your kill.
The chaos spawn degenerates into a cloud of primal chaos!
You feel a little less mighty now. The death cob hits you!
You die...

##...#.# ##§....## #####
##s1#.##.# # #...# ##s.##.###.# #
#...# ##s.###.# #.# #
###..D###..####.#####.###
#.........L.s.).......... ##*
#......Dz....y.2......... ..*
#.s.....@.....z..........
..#######...########<..#...######
.................................
.................................
####...##...#####...#############
#...#......<.........#
#....................#
####......########...# #...?..#
#⌠..#


You could see a Hell Sentinel, 2 storm dragons, 2 death cobs, a lich, 2 demonic
crawlers, a shadow demon, a moth of wrath, 2 jumping spiders and a redback.

Vanquished Creatures
  8 ancient liches
  Mara (Shoals:4)
  3 orbs of fire (Zot:5)
  A juggernaut (Depths:3)
  Margery (Depths:3)
  Saint Roka (Depths:3)
  A Killer Klown (Zot:5)
  2 golden dragons
  7 liches
  2 electric golems (Zot:5)
  5 tentacled monstrosities
  2 quicksilver dragons (Vaults:5)
  21 Orb Guardians (Zot:5)
  4 titans
  A death cob (Zot:2)
  Gastronok (Lair:2)
  7 tengu reavers
  A tentacled starspawn (Abyss:3)
  9 sphinxes
  An ancient champion (Vaults:2)
  A draconian monk (Zot:2)
  Ilsuiw (Shoals:4)
  4 storm dragons
  10 frost giants
  6 nagarajas
  4 shadow dragons
  13 fire giants
  16 vault wardens
  3 iron dragons
  4 deep elf sorcerers
  2 ghost moths (Zot:5)
  2 draconian scorchers (Depths:5)
  Aizul (Snake:3)
  An orc warlord (Orc:2)
  A balrug (Depths:4)
  The ghost of NorthaanB the Fighter, a journeyman HaIE of Okawaru (D:13)
  A caustic shrike zombie (Depths:1)
  A ghoul (D:13)
  3 juggernaut zombies
  2 draconian annihilators
  2 deep elf elementalists (Vaults:5)
  20 ironheart preservers
  15 stone giants
  9 very ugly things
  2 spriggan defenders
  A war gargoyle (Vaults:5)
  2 vampire knights
  8 deep elf demonologists
  5 white draconians
  3 yellow draconians
  A green draconian (Zot:5)
  A deep elf annihilator (Vaults:5)
  A black draconian (Depths:5)
  6 spark wasps (Depths:2)
  4 merfolk javelineers
  14 ettins
  4 purple draconians
  4 deep elf death magi
  21 yaktaur captains
  Fannar (Lair:2)
  11 fire dragons
  9 great orbs of eyes
  5 deep elf high priests
  9 merfolk impalers
  41 vault guards
  5 spriggan air magi
  7 naga warriors
  17 ice dragons
  8 rakshasas
  Erica (D:8)
  12 hydras
  5 merfolk avatars
  10 anacondas
  The ghost of puimuR the Cleaver, a novice HOBe of Trog (D:9)
  14 centaur warriors
  2 death knights
  An alligator (shapeshifter) (Vaults:4)
  2 satyrs (Shoals:4)
  A catoblepas (Lair:6)
  12 death yaks
  19 ogre magi
  5 merfolk aquamancers
  4 deep troll shamans
  64 two-headed ogres
  A vampire mage (Depths:5)
  2 shock serpents
  A titan zombie (Depths:4)
  5 tengu warriors
  8 hell knights
  4 deep troll earth magi
  A queen ant (D:10)
  7 spriggan berserkers
  15 naga sharpshooters
  2 sun demons (Depths:4)
  An iron troll (Depths:3)
  4 deep elf knights
  3 orc high priests
  4 salamander mystics (Snake:4)
  A golden dragon zombie (Depths:4)
  A spark wasp zombie (Depths:4)
  2 fire crabs (shapeshifter)
  3 glowing orange brains
  2 large abominations (Abyss:3)
  9 skeletal warriors
  An unseen horror (shapeshifter) (Depths:3)
  8 sea snakes
  2 unseen horrors (D:13)
  A death drake (shapeshifter) (Vaults:5)
  6 deep elf archers
  7 wizards
  18 deep trolls
  3 lindwurms (Lair:6)
  5 flayed ghosts
  A swamp dragon (Lair:6)
  A tengu zombie (Depths:4)
  43 harpies
  21 orc knights
  An iron dragon zombie (Depths:4)
  Pikel (D:8)
  10 ironbrand convokers
  6 naga ritualists
  2 shadow dragon zombies
  4 phantasmal warriors
  11 necromancers
  19 deep elf magi
  A human zombie (Vaults:2)
  7 orc sorcerers
  2 fire giant zombies (Depths:4)
  9 mana vipers
  4 wolf spiders
  15 manticores
  A manticore (shapeshifter) (Vaults:5)
  12 fauns
  72 ugly things
  An elephant (shapeshifter) (Vaults:5)
  Maurice (D:8)
  12 moths of wrath
  13 salamanders
  13 elephants
  5 merfolk sirens
  5 cyclopes
  10 vault sentinels
  25 naga magi
  A stone giant skeleton (Vaults:4)
  Joseph (D:8)
  7 centaur zombies
  36 black mambas
  5 guardian serpents
  A smoke demon (Abyss:3)
  3 fire giant skeletons
  4 human skeletons
  A moth of wrath (shapeshifter) (Vaults:4)
  4 water nymphs
  A torpor snail (Lair:2)
  15 spiny frogs
  2 gargoyles
  2 eyes of devastation (Depths:1)
  3 yaktaur zombies
  A redback zombie (D:13)
  A rime drake (shapeshifter) (Vaults:2)
  2 elf zombies (Depths:4)
  7 rime drakes
  10 freezing wraiths
  64 yaktaurs
  A hellwing (Zot:5)
  6 komodo dragons
  3 guardian mummies (Depths:4)
  3 harpy zombies (Shoals:4)
  9 trolls
  A merfolk (shapeshifter) (Depths:2)
  A queen bee (Lair:3)
  8 wind drakes
  20 merfolk
  3 trolls (shapeshifter)
  4 hornets
  A hornet (shapeshifter) (Vaults:4)
  3 meliai (D:13)
  A shadow dragon simulacrum (Vaults:4)
  2 tengu conjurers
  Prince Ribbit (D:7)
  A raiju (shapeshifter) (Vaults:1)
  14 blink frogs
  A meliai zombie (D:15)
  2 hippogriffs (shapeshifter)
  23 hippogriffs
  15 slime creatures
  5 dream sheep (Lair:5)
  11 snapping turtles
  4 starcursed masses (Abyss:3)
  A stone giant simulacrum (Depths:2)
  2 vampires
  A ynoxinul (Abyss:3)
  2 ettin skeletons (Vaults:2)
  3 wraiths
  5 spriggans
  2 air elementals (Depths:5)
  31 yaks
  16 water elementals
  2 shadows
  A fire bat (Abyss:3)
  10 basilisks
  2 wyverns (Lair:5)
  2 hungry ghosts
  A yaktaur simulacrum (Vaults:3)
  A chaos spawn (Zot:5)
  A steam dragon (shapeshifter) (Vaults:5)
  5 humans
  Eustachio (D:4)
  17 vampire mosquitoes
  51 nagas
  3 steam dragons
  6 wargs
  5 soldier ants
  3 acid dragons
  A swamp worm (shapeshifter) (Vaults:4)
  14 water moccasins
  4 floating eyes
  6 porcupines
  2 floating eyes (shapeshifter)
  A swamp drake (Lair:6)
  An ice beast (D:11)
  6 phantoms
  5 boggarts
  A meliai simulacrum (D:14)
  A black bear (D:6)
  53 orc warriors
  A sky beast (D:9)
  55 ogres
  A sky beast (shapeshifter) (Depths:2)
  A necrophage (D:11)
  9 wolves
  A centaur (shapeshifter) (Vaults:5)
  17 centaurs
  17 crocodiles
  A hippogriff zombie (Shoals:4)
  2 big kobolds
  13 bullfrogs
  A glowing shapeshifter simulacrum (Vaults:2)
  3 wyvern zombies (D:13)
  A deep troll simulacrum (Vaults:4)
  2 wyvern skeletons
  A human simulacrum (Vaults:2)
  2 scorpions
  A troll zombie (D:10)
  25 killer bees (Lair:3)
  A water moccasin skeleton (D:7)
  10 wights
  4 electric eels
  8 crimson imps
  3 bullfrog zombies
  10 hounds
  A quasit (D:8)
  2 small abominations (Abyss:3)
  5 jellies
  Crazy Yiuf (D:6)
  3 bullfrog skeletons
  37 orc priests
  41 orc wizards
  2 centaur skeletons
  An iron imp (Depths:5)
  2 iguanas
  35 worker ants
  5 hell rats (Lair:5)
  5 ogre zombies (D:10)
  A hound skeleton (D:6)
  6 mummies
  2 worker ant zombies
  A river rat (Lair:3)
  20 adders
  2 shadow imps
  12 white imps (Lair:6)
  An ufetubus (Abyss:3)
  3 adder zombies
  An adder skeleton (D:4)
  2 worms
  A dart slug (D:1)
  6 leopard geckos
  128 orcs
  2 ball pythons
  9 bats
  5 giant cockroaches
  3 goblins
  A hobgoblin (shapeshifter) (Depths:5)
  4 hobgoblins
  10 jackals
  18 kobolds
  2 quokkas
  6 frilled lizards
  A goblin zombie (D:10)
  A hobgoblin skeleton (D:10)
  5 hobgoblin zombies (D:10)
  A jackal skeleton (D:5)
  2 orc skeletons (D:10)
  11 orc zombies
  12 rats
  2 crawling corpses (Vaults:5)
  2 plants
  2 starspawn tentacles (Abyss:3)
2198 creatures vanquished.

Vanquished Creatures (others)
  A stone giant (Vaults:5)
  A vampire knight (Depths:3)
  A white draconian (Zot:5)
  A merfolk impaler (Shoals:4)
  3 yaktaur captains
  An ice dragon (Vaults:1)
  An ogre mage (Vaults:1)
  A two-headed ogre (Vaults:1)
  A shock serpent (Snake:1)
  2 deep troll shamans (Depths:3)
  A deep elf archer (Vaults:4)
  An ironbrand convoker (Vaults:5)
  A deep elf mage (Vaults:5)
  A fire giant zombie (Depths:2)
  A moth of wrath (Zot:5)
  A merfolk siren (Shoals:4)
  3 yaktaurs
  A freezing wraith (Vaults:5)
  A merfolk (Shoals:4)
  2 water elementals
  A ynoxinul (Abyss:3)
  A warg (Vaults:1)
  An acid dragon (Vaults:4)
  2 orc warriors (Vaults:3)
  An ice beast (D:14)
  A slave (D:8)
  2 ogres
  3 centaurs
  A wight (D:8)
  2 orc wizards
  An adder zombie (D:8)
  A demonic plant (Abyss:3)
  18 fungi
  51 plants
  A starspawn tentacle (Abyss:3)
113 creatures vanquished.

Grand Total: 2311 creatures vanquished

Notes
Turn   | Place    | Note
-------+----------+-------------------------------------------
     0 | D:1      | HungrySpirit the Halfling Ice Elementalist began the quest for the Orb.
     0 | D:1      | Reached XP level 1. HP: 11/11 MP: 3/3
   475 | D:1      | Reached XP level 2. HP: 17/17 MP: 1/4
   980 | D:1      | Reached XP level 3. HP: 20/21 MP: 5/5
  1727 | D:2      | Reached skill level 1 in Short Blades
  1770 | D:2      | Reached XP level 4. HP: 27/27 MP: 0/6
  3308 | D:3      | Found a radiant altar of Vehumet.
  3512 | D:2      | Reached XP level 5. HP: 12/31 MP: 0/7
  3856 | D:3      | Found a bloodstained altar of Trog.
  4056 | D:4      | Noticed an ogre
  4091 | D:4      | Killed an ogre
  4091 | D:4      | Reached XP level 6. HP: 36/36 MP: 8/8
  4126 | D:4      | Found a deep blue altar of Sif Muna.
  4502 | D:4      | Noticed Eustachio
  4742 | D:4      | Killed Eustachio
  4742 | D:4      | Reached skill level 5 in Short Blades
  4742 | D:4      | Reached XP level 7. HP: 27/41 MP: 7/9
  5484 | D:4      | Found a shattered altar of Ashenzari.
  5487 | D:4      | Found a glowing golden altar of the Shining One.
  5490 | D:4      | Found a sacrificial altar of Ru.
  5490 | D:4      | Noticed a wyvern
  5735 | D:5      | Entered Level 5 of the Dungeon
  5809 | D:5      | Found Hamuw's Antique Weapon Shop.
  5881 | D:5      | Reached skill level 5 in Stealth
  6076 | D:5      | Reached skill level 5 in Dodging
  6351 | D:5      | Reached XP level 8. HP: 46/46 MP: 10/10
  6449 | D:5      | Learned a level 3 spell: Confuse
  6755 | D:6      | Found Tauves's Quality Used Wands.
  7797 | D:6      | Reached skill level 1 in Fighting
  8176 | D:6      | Found a runed door.
  8180 | D:6      | Noticed Crazy Yiuf
  8184 | D:6      | Killed Crazy Yiuf
  8390 | D:6      | Reached XP level 9. HP: 54/54 MP: 11/11
  8787 | D:7      | Noticed Prince Ribbit
  9088 | D:7      | Killed Prince Ribbit
  9748 | D:7      | Reached skill level 10 in Short Blades
  9783 | D:7      | Found a staircase to the Ecumenical Temple.
  9845 | Temple   | Entered the Ecumenical Temple
  9900 | Temple   | Became a worshipper of Warmaster Okawaru
  9936 | D:7      | Reached XP level 10. HP: 54/63 MP: 12/12
 10173 | D:8      | Noticed Pikel
 10197 | D:8      | Killed Pikel
 10197 | D:8      | Reached * piety under Okawaru
 10332 | D:8      | Noticed a two-headed ogre
 10339 | D:8      | Killed a two-headed ogre
 10339 | D:8      | Reached ** piety under Okawaru
 10515 | D:8      | Reached skill level 1 in Evocations
 10668 | D:8      | Noticed Joseph
 10674 | D:8      | Killed Joseph
 10674 | D:8      | Reached *** piety under Okawaru
 11298 | D:8      | Noticed Maurice
 11314 | D:8      | Noticed Erica
 11314 | D:8      | Killed Maurice
 11319 | D:8      | Killed Erica
 11319 | D:8      | Reached **** piety under Okawaru
 11319 | D:8      | Reached XP level 11. HP: 70/70 MP: 12/14
 11777 | D:9      | Noticed puimuR's ghost (novice HOBe)
 11874 | D:10     | Entered Level 10 of the Dungeon
 11913 | D:9      | Noticed a two-headed ogre
 12144 | D:9      | Found a staircase to the Lair.
 12250 | D:9      | Killed puimuR's ghost
 12250 | D:9      | Reached ***** piety under Okawaru
 12250 | D:9      | Reached skill level 5 in Evocations
 12294 | D:9      | Found a blossoming altar of Fedhas.
 12331 | D:9      | Killed a two-headed ogre
 12793 | D:10     | Noticed a purple ugly thing
 13065 | Lair:1   | Entered Level 1 of the Lair of Beasts
 13160 | D:9      | Reached skill level 10 in Stealth
 13739 | D:10     | Found a staircase to the Orcish Mines.
 13794 | D:10     | Received a gift from Okawaru
 13799 | D:10     | Got a transparent short sword {god gift}
 13800 | D:10     | Identified the +4 short sword of Autumn {elec, rPois rN+ Dex+5 Stlth-} (Okawaru gifted it to you on level 10 of the Dungeon)
 14338 | D:10     | Noticed a two-headed ogre
 14345 | D:10     | Killed a two-headed ogre
 14536 | D:10     | Found a sparkling altar of Nemelex Xobeh.
 14690 | D:11     | Reached XP level 12. HP: 55/75 MP: 17/17
 14950 | D:11     | Found an ancient bone altar of Kikubaaqudgha.
 15420 | D:11     | Noticed a queen ant
 15440 | D:10     | Reached skill level 10 in Dodging
 15465 | D:10     | Killed a queen ant
 15465 | D:10     | Received a gift from Okawaru
 16612 | Lair:1   | Reached ****** piety under Okawaru
 17578 | Lair:2   | Noticed Gastronok
 17594 | Lair:2   | Killed Gastronok
 17594 | Lair:2   | Received a gift from Okawaru
 17594 | Lair:2   | Reached skill level 10 in Evocations
 17598 | Lair:2   | Got an iridescent double sword {god gift}
 17600 | Lair:2   | Identified the +10 double sword of Breach {freeze, Int+2 Stlth+} (Okawaru gifted it to you on level 2 of the Lair of Beasts)
 17738 | Lair:2   | Reached skill level 1 in Long Blades
 17859 | Lair:2   | Reached XP level 13. HP: 64/81 MP: 20/20
 18348 | Lair:2   | Received a gift from Okawaru
 18459 | Lair:2   | Got a pair of twisted gloves {god gift}
 18460 | Lair:2   | Identified the +4 pair of gloves "Fiossuf" {rF+ Dex+2} (Okawaru gifted it to you on level 2 of the Lair of Beasts)
 18592 | Lair:2   | Noticed Fannar
 18598 | Lair:2   | Killed Fannar
 18872 | Lair:3   | Noticed an eight-headed hydra
 18880 | Lair:3   | Killed an eight-headed hydra
 18967 | Lair:3   | Reached skill level 1 in Shields
 19052 | Lair:3   | Reached skill level 5 in Long Blades
 19859 | Lair:3   | Found a snail-covered altar of Cheibriados.
 20046 | Lair:3   | Received a gift from Okawaru
 21087 | Lair:3   | Reached XP level 14. HP: 86/86 MP: 20/22
 21259 | Lair:3   | Found a staircase to the Snake Pit.
 21715 | Lair:3   | Received a gift from Okawaru
 23031 | Lair:4   | Found a staircase to the Shoals.
 24558 | Lair:6   | Entered Level 6 of the Lair of Beasts
 24559 | Lair:6   | Received a gift from Okawaru
 24570 | Lair:6   | Reached skill level 5 in Fighting
 24968 | Lair:6   | Found a frozen archway.
 25014 | Lair:6   | Received a gift from Okawaru
 25436 | Lair:6   | Reached XP level 15. HP: 93/93 MP: 23/23
 25459 | Lair:6   | Reached skill level 10 in Long Blades
 25807 | Lair:6   | Received a gift from Okawaru
 25818 | Lair:6   | Got a polished helmet {god gift}
 25820 | Lair:6   | Identified the +0 helmet of Ucar {+Inv Regen+ Int-4 Stlth+} (Okawaru gifted it to you on level 6 of the Lair of Beasts)
 26290 | Lair:6   | Found a staircase to the Slime Pits.
 26618 | Lair:6   | Reached skill level 15 in Dodging
 26619 | Lair:6   | Received a gift from Okawaru
 27145 | D:11     | Found Oleigo's Book Shoppe.
 27630 | D:12     | Found a burning altar of Makhleb.
 28307 | D:13     | Noticed NorthaanB's ghost (journeyman HaIE)
 28494 | D:13     | Killed NorthaanB's ghost
 28671 | D:13     | Reached XP level 16. HP: 99/103 MP: 25/25
 29244 | D:13     | Received a gift from Okawaru
 29705 | Orc:1    | Entered Level 1 of the Orcish Mines
 30127 | Orc:2    | Entered Level 2 of the Orcish Mines
 30345 | Orc:2    | Found a staircase to the Elven Halls.
 30987 | Orc:2    | Received a gift from Okawaru
 31589 | Orc:2    | Found Piro's Armour Shop.
 31589 | Orc:2    | Found Kimang's Armour Shop.
 31599 | Orc:2    | Found Veoskoe's Assorted Antiques.
 31599 | Orc:2    | Found Jeaguska's Distillery.
 31641 | Orc:2    | Paralysed by an orc sorcerer for 6 turns
 31722 | Orc:2    | Bought a potion of haste for 120 gold pieces
 31733 | Orc:2    | Bought an ichor-stained leather armour for 231 gold pieces
 31733 | Orc:2    | Identified the +1 leather armour of the Depths {MP+9} (You bought it in a shop on level 2 of the Orcish Mines)
 31737 | Orc:2    | Bought the cursed +1 robe "Vuisamie" {rF+} for 233 gold pieces
 31743 | Orc:2    | Bought a potion of heal wounds for 60 gold pieces
 31743 | Orc:2    | Bought a potion of heal wounds for 60 gold pieces
 31743 | Orc:2    | Bought a potion of heal wounds for 60 gold pieces
 31743 | Orc:2    | Bought a potion of curing for 36 gold pieces
 31743 | Orc:2    | Bought a potion of agility for 48 gold pieces
 31743 | Orc:2    | Bought a potion of agility for 48 gold pieces
 31743 | Orc:2    | Bought a potion of might for 48 gold pieces
 31743 | Orc:2    | Bought a potion of invisibility for 96 gold pieces
 31744 | Orc:2    | Bought a scroll of teleportation for 99 gold pieces
 31744 | Orc:2    | Bought a potion of curing for 99 gold pieces
 31744 | Orc:2    | Bought a scroll labeled USAGHAA OCONO for 33 gold pieces
 31744 | Orc:2    | Bought a tubular emerald ring for 165 gold pieces
 31811 | Orc:2    | Bought a faintly humming ring mail for 297 gold pieces
 31824 | Orc:2    | Identified the +5 ring mail "Neikkir" {rElec rC- Regen+ Stlth-} (You bought it in a shop on level 2 of the Orcish Mines)
 32086 | Shoals:1 | Entered Level 1 of the Shoals
 32104 | Shoals:1 | Noticed kuniqs's ghost (adept VSFi)
 32350 | Snake:1  | Entered Level 1 of the Snake Pit
 33402 | Snake:1  | Received a gift from Okawaru
 33796 | Snake:2  | Found Nisuc's General Store.
 33798 | Snake:2  | Found Ysmurias's Food Shop.
 33800 | Snake:2  | Found Fuoniho's Antique Weapon Boutique.
 33808 | Snake:2  | Bought a fine short sword for 296 gold pieces
 33808 | Snake:2  | Identified the cursed +1 short sword of Ru's Condemnation {elec, -Tele rC+ rN+ Dex+4} (You bought it in a shop on level 2 of the Snake Pit)
 33901 | Snake:2  | Reached XP level 17. HP: 110/111 MP: 26/26
 34420 | Snake:2  | Received a gift from Okawaru
 34434 | Snake:2  | Identified a +1 pair of boots of running (Okawaru gifted it to you on level 2 of the Snake Pit)
 35722 | Snake:3  | Noticed Aizul
 35739 | Snake:3  | Killed Aizul
 35822 | Snake:3  | Noticed Bai Suzhen
 36088 | Snake:4  | Entered Level 4 of the Snake Pit
 36101 | Snake:4  | Found Pemayczeo's Jewellery Boutique.
 36252 | Snake:4  | Found Wimauc's Assorted Antiques.
 36311 | Snake:4  | Found a shadowy altar of Dithmenos.
 36603 | Snake:4  | Received a gift from Okawaru
 37011 | Snake:4  | Received a gift from Okawaru
 37513 | Snake:4  | Reached skill level 1 in Armour
 37548 | Snake:4  | Reached XP level 18. HP: 111/120 MP: 28/28
 37729 | Snake:4  | Reached skill level 2 in Armour
 38160 | Snake:4  | Reached skill level 3 in Armour
 38329 | Snake:4  | Got a serpentine rune of Zot
 38395 | Snake:4  | Reached skill level 15 in Long Blades
 38440 | Snake:4  | Received a gift from Okawaru
 38440 | Snake:4  | Reached skill level 10 in Fighting
 39243 | Shoals:1 | Reached skill level 4 in Armour
 39548 | Shoals:3 | Received a gift from Okawaru
 39786 | Shoals:3 | Noticed a titan
 40114 | Shoals:2 | Found Neulie's Gadget Emporium.
 40136 | Shoals:2 | Reached skill level 5 in Armour
 40275 | Shoals:2 | Gained mutation: Your body sometimes deteriorates upon taking damage. [mutagenic glow]
 40440 | Shoals:2 | Identified a scroll of acquirement
 40443 | Shoals:2 | Got a pair of crude boots
 40546 | Shoals:2 | Identified the +0 pair of boots "Jaur" {rCorr SInv} (You acquired it on level 2 of the Shoals)
 40880 | Shoals:3 | Received a gift from Okawaru
 40914 | Shoals:3 | Got a crude cloak {god gift}
 40935 | Shoals:3 | Identified the +0 cloak of the Wumpus {rPois} (Okawaru gifted it to you on level 3 of the Shoals)
 40991 | Shoals:4 | Entered Level 4 of the Shoals
 40991 | Shoals:4 | Noticed Ilsuiw
 41124 | Shoals:4 | Killed Ilsuiw
 41124 | Shoals:4 | Reached XP level 19. HP: 127/127 MP: 27/29
 42095 | Shoals:4 | Found a gateway to a bazaar.
 42101 | Bazaar   | Entered a bazaar
 42103 | Bazaar   | Found Emuddipn's Book Boutique.
 42107 | Bazaar   | Found Osiol's Book Boutique.
 42107 | Bazaar   | Found Guicam's Distillery.
 42107 | Bazaar   | Found Jymam's Armour Boutique.
 42120 | Bazaar   | Bought a potion of haste for 80 gold pieces
 42120 | Bazaar   | Bought a potion of resistance for 80 gold pieces
 42407 | Shoals:4 | Noticed Mara
 42666 | Shoals:3 | Gained mutation: You expend magic power (3 MP) to strengthen your wands. [mutagenic glow]
 43676 | Shoals:3 | Received a gift from Okawaru
 43980 | Shoals:4 | Got a faintly humming scale mail
 44142 | Shoals:4 | Got a slimy falchion {drain}
 44235 | Shoals:4 | Noticed HungrySpirit's illusion
 44239 | Shoals:4 | Killed Mara
 44307 | Shoals:4 | Got a barnacled rune of Zot
 44386 | Shoals:3 | Identified the +1 scale mail of the Dolphin {rCorr Dex+3} (You found it on level 4 of the Shoals)
 44394 | Shoals:3 | Got a citrine-encrusted scale mail
 44481 | Lair:4   | Identified the +1 scale mail of Useurch {+Inv Int+2} (You took it off a merfolk javelineer on level 3 of the Shoals)
 44969 | D:14     | Identified the +6 falchion "Fetwawn" {drain, Str+4 Dex+4} (You took it off a merfolk impaler on level 4 of the Shoals)
 44989 | D:14     | Found a shattered altar of Ashenzari.
 45213 | D:14     | Found a gate to the Vaults.
 45379 | D:14     | Received a gift from Okawaru
 45379 | D:14     | Reached skill level 15 in Evocations
 45391 | D:14     | Got a warped crystal plate armour {god gift}
 45457 | D:14     | Identified the +0 crystal plate armour of Follow the Leader {Str+6 Int-4} (Okawaru gifted it to you on level 14 of the Dungeon)
 45748 | D:14     | Got a distressingly furry robe
 45759 | D:14     | Identified the +3 robe of Refuge {rPois Str+4 Int-5 Stlth+} (You found it on level 14 of the Dungeon)
 45933 | D:14     | Found a portal to a secret trove of treasure.
 46572 | D:15     | Entered Level 15 of the Dungeon
 46590 | D:15     | Reached XP level 20. HP: 136/136 MP: 31/31
 46757 | D:15     | Found a staircase to the Depths.
 47030 | Vaults:1 | Entered Level 1 of the Vaults
 47977 | Vaults:1 | Received a gift from Okawaru
 48752 | D:14     | Lost mutation: Your body sometimes deteriorates upon taking damage. [potion of mutation]
 48752 | D:14     | Lost mutation: You expend magic power (3 MP) to strengthen your wands. [potion of mutation]
 49523 | Vaults:1 | Received a gift from Okawaru
 50265 | Snake:4  | Bought the ring of Suipp {+Inv rPois rN+++ Dex+2 Slay+3} for 1005 gold pieces
 50599 | Vaults:2 | Found a sacrificial altar of Ru.
 50736 | Vaults:2 | Reached XP level 21. HP: 123/144 MP: 32/32
 51370 | Vaults:2 | Received a gift from Okawaru
 51514 | Vaults:2 | Paralysed by a great orb of eyes for 4 turns
 51550 | Vaults:2 | Found a staircase to the Crypt.
 52332 | Vaults:2 | Received a gift from Okawaru
 52343 | Vaults:2 | Got a dazzling double sword {god gift}
 52378 | Vaults:1 | Identified the +8 double sword of Rubak {freeze, Int+6} (Okawaru gifted it to you on level 2 of the Vaults)
 52486 | Vaults:2 | Reached skill level 15 in Stealth
 52776 | Vaults:2 | Reached skill level 1 in Invocations
 53465 | Vaults:3 | Received a gift from Okawaru
 54908 | Vaults:3 | Reached XP level 22. HP: 101/152 MP: 34/34
 55691 | Vaults:3 | Received a gift from Okawaru
 55725 | Vaults:3 | Gained mutation: Scrolls take you a little longer to read. [mutagenic glow]
 55823 | Vaults:3 | Lost mutation: Scrolls take you a little longer to read. [potion of mutation]
 55823 | Vaults:3 | Gained mutation: Your flesh is heat resistant. (rF+) [potion of mutation]
 55935 | Vaults:3 | Noticed Mennas
 56428 | Vaults:4 | Got an ichor-stained chain mail
 56439 | Vaults:4 | Identified the +6 chain mail of Midnight {Int+4} (You found it on level 4 of the Vaults)
 57004 | Vaults:4 | Reached skill level 5 in Invocations
 57091 | Vaults:4 | Paralysed by an ogre mage for 6 turns
 57266 | Vaults:4 | Received a gift from Okawaru
 57340 | Vaults:4 | Reached skill level 7 in Armour
 57340 | Vaults:4 | Reached XP level 23. HP: 158/158 MP: 35/35
 57479 | Vaults:4 | Cast into level 3 of the Abyss (a deep elf sorcerer)
 57577 | Abyss:3  | Reached skill level 8 in Armour
 57690 | Abyss:3  | Gained mutation: You expend magic power (3 MP) to strengthen your wands. [a neqoxec]
 57771 | Abyss:3  | Found a corrupted altar of Lugonu.
 57841 | Vaults:4 | Escaped the Abyss
 58603 | Vaults:4 | Received a gift from Okawaru
 59023 | Vaults:4 | Reached XP level 24. HP: 143/165 MP: 29/35
 59126 | Vaults:4 | Received a gift from Okawaru
 59129 | Vaults:4 | Got a pair of shimmering boots {god gift}
 59130 | Vaults:4 | Identified the +2 pair of boots of Okawaru {rC++ rCorr Str-5 Dex+3} (Okawaru gifted it to you on level 4 of the Vaults)
 59302 | Vaults:4 | Reached skill level 9 in Armour
 59871 | Depths:1 | Entered Level 1 of the Depths
 60605 | Depths:1 | Found a gateway to Hell.
 60704 | Depths:1 | Found a gateway to a ziggurat.
 60704 | Depths:1 | Paralysed by a floating eye for 2 turns
 60711 | Depths:1 | Paralysed by a floating eye for 4 turns
 60862 | Depths:1 | Found Deemekh's Armour Shop.
 60862 | Depths:1 | Found Qyssi's Gadget Boutique.
 61062 | Depths:1 | Found a glowing golden altar of the Shining One.
 61178 | Zig:1    | Entered Level 1 of a ziggurat
 62072 | Depths:2 | Received a gift from Okawaru
 62302 | Depths:2 | Reached skill level 10 in Armour
 63226 | Depths:3 | Got a fine ivory ring
 63287 | Depths:3 | Identified the ring "Sifogry" {Wiz rC- rN+ Int+6} (You found it on level 3 of the Depths)
 63300 | Depths:3 | Found a basalt altar of Yredelemnul.
 63323 | Depths:3 | Paralysed by a floating eye for 4 turns
 63427 | Depths:3 | Noticed a juggernaut
 63447 | Depths:3 | Killed a juggernaut
 63447 | Depths:3 | Reached XP level 25. HP: 98/173 MP: 35/35
 63768 | Depths:1 | Reached skill level 11 in Armour
 63816 | Depths:3 | Noticed Margery
 64114 | Snake:4  | Bought an uncursed ring of protection from fire for 350 gold pieces
 64439 | Depths:3 | Received a gift from Okawaru
 64653 | Depths:3 | Killed Margery
 64782 | Depths:3 | Found a one-way gate to the infinite horrors of the Abyss.
 64925 | Depths:3 | Paralysed by a floating eye for 4 turns
 65055 | Depths:3 | Identified the cursed ring of the Seven Blessings {Str+4 Int+4 Dex-3 Slay+2} (You found it on level 3 of the Depths)
 65176 | Depths:3 | Noticed an ancient lich
 65190 | Depths:3 | Killed an ancient lich
 65197 | Depths:3 | Reached skill level 12 in Armour
 65232 | Depths:3 | Reached skill level 15 in Fighting
 65312 | Depths:3 | Found a sparkling altar of Nemelex Xobeh.
 65764 | Depths:3 | Noticed Saint Roka
 65777 | Depths:3 | Killed Saint Roka
 65777 | Depths:3 | Received a gift from Okawaru
 66121 | Depths:3 | Got a pitted platinum ring
 66123 | Depths:3 | Identified the ring "Jaysot" {Dex+3 Stlth+} (You found it on level 3 of the Depths)
 66134 | Depths:3 | Got brightly glowing swamp dragon scales
 66145 | Depths:3 | Identified the cursed +0 swamp dragon scales of Incorporation {rElec rPois Dex+4} (You found it on level 3 of the Depths)
 66345 | Depths:3 | Found a one-way gate leading to the halls of Pandemonium.
 66657 | Depths:4 | Reached skill level 13 in Armour
 67032 | Depths:5 | Entered Level 5 of the Depths
 67111 | Depths:5 | Received a gift from Okawaru
 67216 | Depths:5 | Found Tanafrecu's Antique Armour Emporium.
 67486 | Depths:5 | Reached XP level 26. HP: 166/181 MP: 34/35
 67533 | Depths:5 | Reached skill level 14 in Armour
 67561 | Depths:5 | Found a gate to the Realm of Zot.
 68843 | Depths:4 | Reached skill level 15 in Armour
 69419 | Depths:4 | Received a gift from Okawaru
 69572 | Depths:4 | Got a distressingly furry plate armour {god gift}
 69599 | Depths:4 | Noticed a greater mummy
 69994 | Vaults:5 | Entered Level 5 of the Vaults
 70020 | Vaults:4 | Reached skill level 16 in Armour
 70688 | Vaults:5 | Reached skill level 17 in Armour
 70949 | Vaults:4 | Received a gift from Okawaru
 71226 | Vaults:4 | Got a shimmering rapier {drain}
 71273 | Vaults:4 | Identified the +11 rapier "Raczysm" {drain, rElec rN+} (You took it off an ironheart preserver on level 4 of the Vaults)
 71415 | Vaults:4 | Reached XP level 27. HP: 190/190 MP: 35/35
 72134 | Vaults:4 | Received a gift from Okawaru
 72189 | Vaults:5 | Reached skill level 18 in Armour
 72609 | Vaults:5 | Reached skill level 19 in Armour
 72699 | Vaults:5 | Got a steaming helmet
 72700 | Vaults:5 | Identified the +1 helmet "Qavuyrol" {-Tele +Inv Int+2 Dex+4} (You found it on level 5 of the Vaults)
 72905 | Vaults:5 | Identified the Catalogue of Earthen Confrontation
 73010 | Vaults:5 | Paralysed by a lich for 5 turns
 73059 | Vaults:5 | Received a gift from Okawaru
 73059 | Vaults:5 | Reached skill level 20 in Armour
 73246 | Vaults:5 | Got a silver rune of Zot
 73539 | Vaults:5 | Reached skill level 21 in Armour
 74178 | Zot:1    | Entered Level 1 of the Realm of Zot
 74442 | Zot:2    | Reached skill level 22 in Armour
 74618 | Zot:4    | Received a gift from Okawaru
 74633 | Zot:4    | Got a faintly glowing dagger {god gift}
 74634 | Zot:4    | Identified the +9 dagger of Exquisite Torment {freeze, Int+3 Stlth+} (Okawaru gifted it to you on level 4 of the Realm of Zot)
 74653 | Zot:5    | Entered Level 5 of the Realm of Zot
 74913 | D:14     | You paid a toll of a +7 demon blade to enter a treasure trove
 74914 | Trove    | Entered a treasure trove
 75671 | Zot:5    | Noticed an ancient lich
 75718 | Zot:5    | Noticed an ancient lich
 75756 | Zot:5    | Noticed an ancient lich
 75772 | Zot:5    | Killed an ancient lich
 75908 | Zot:5    | Reached skill level 23 in Armour
 76054 | Zot:5    | Noticed an ancient lich
 76093 | Zot:5    | Killed an ancient lich
 76093 | Zot:5    | Received a gift from Okawaru
 76163 | Zot:5    | Noticed an ancient lich
 76194 | Zot:5    | Killed an ancient lich
 76346 | Zot:5    | Killed an ancient lich
 76383 | Zot:5    | Noticed an orb of fire
 76398 | Zot:5    | Noticed an orb of fire
 76420 | Zot:5    | Killed an orb of fire
 76427 | Zot:5    | Received a gift from Okawaru
 76460 | Zot:5    | Gained mutation: You tend to lose your temper in combat. [an orb of fire]
 76478 | Zot:5    | Killed an orb of fire
 76571 | Zot:5    | Paralysed by an ancient lich for 6 turns
 76580 | Zot:5    | Killed an ancient lich
 76580 | Zot:5    | Reached skill level 24 in Armour
 76622 | Zot:5    | Noticed an orb of fire
 76649 | Zot:5    | Killed an orb of fire
 76774 | Zot:5    | Noticed an ancient lich
 76784 | Zot:5    | Killed an ancient lich
 76803 | Zot:5    | Received a gift from Okawaru
 76806 | Zot:5    | Got the Orb of Zot
 76850 | Zot:5    | Noticed an ancient lich
 76853 | Zot:5    | Noticed Gesecs the pandemonium lord
 76863 | Zot:5    | Killed an ancient lich
 76891 | Zot:5    | HP: 3/198 [storm dragon (8)]
 76892 | Zot:5    | Mangled by a death cob

Skill      XL: |  1  2  3  4  5  6  7  8  9 10 11 12 13 14 15 16 17 18 19 20 21 22 23 24 25 26 27 |
---------------+----------------------------------------------------------------------------------+-----
Dodging        | 3 4 5 6 7 8 9 10 12 14 15 16 18 19 | 19.3
Stealth        | 3 4 5 6 7 9 10 11 12 13 14 15 | 15.7
Short Blades   | 1 2 4 5 6 8 10 11 | 11.2
Fighting       | 1 3 4 5 7 8 9 10 11 12 13 14 15 16 19 | 19.0
Evocations     | 4 7 10 11 12 13 14 15 16 | 16.5
Long Blades    | 1 6 9 11 13 14 16 17 18 19 20 21 | 21.9
Shields        | 4 |  4.5
Armour         | 1 5 7 8 10 13 17 24 | 24.7
Invocations    | 3 5 |  5.0
Spellcasting   | |  1.5
Conjurations   | |  0.7
Ice Magic      | |  3.0

Action                   |  1- 3 |  4- 6 |  7- 9 | 10-12 | 13-15 | 16-18 | 19-21 | 22-24 | 25-27 || total
-------------------------+-------+-------+-------+-------+-------+-------+-------+-------+-------++-------
Melee: Unarmed           |    42 |       |       |       |       |       |       |       |       ||    42
       Club              |    47 |       |       |       |       |       |       |       |       ||    47
       Dagger            |    84 |    30 |       |       |       |       |       |       |       ||   114
       Short sword       |       |   163 |   198 |   440 |  1345 |   728 |   208 |    51 |    30 ||  3163
       Rapier            |       |       |   170 |   460 |       |       |       |       |       ||   630
       Punch             |       |       |       |       |     6 |       |       |       |       ||     6
       Double sword      |       |       |       |       |    27 |   824 |  1281 |   958 |  2227 ||  5317
 Fire: Blowgun           |       |    20 |    11 |       |       |       |       |       |       ||    31
 Cast: Freeze            |    15 |    29 |     3 |       |       |       |       |       |       ||    47
Invok: Heroism           |       |       |       |       |    15 |    12 |    17 |    12 |    37 ||    93
       Finesse           |       |       |       |       |     2 |     3 |     5 |     6 |    17 ||    33
 Abil: Evoke Invisibilit |       |       |       |       |    10 |    29 |    42 |    20 |    13 ||   114
       Evoke Flight      |       |       |       |       |       |     6 |    15 |     1 |       ||    22
       Stop Flying       |       |       |       |       |       |       |     1 |       |       ||     1
Evoke: Wand              |       |       |    11 |    28 |    35 |    10 |    12 |     9 |    14 ||   119
       Lamp of fire      |       |       |       |       |     1 |       |       |       |       ||     1
       Fan of gales      |       |       |       |       |       |       |       |       |     1 ||     1
  Use: Scroll            |       |     1 |    13 |     4 |    27 |    31 |     3 |    15 |    24 ||   118
       Potion            |       |       |     1 |     5 |     3 |     5 |     6 |     8 |    11 ||    39
 Stab: Sleeping          |     8 |     3 |     4 |    13 |    50 |    47 |    43 |    14 |    20 ||   202
       Distracted        |       |     1 |     1 |     4 |    14 |    12 |    15 |    10 |    14 ||    71
       Paralysed         |       |       |     5 |     4 |    11 |     1 |     3 |     2 |     2 ||    28
       Confused          |       |       |     2 |     7 |     4 |       |       |     3 |       ||    16
       Invisible         |       |       |       |       |    42 |   110 |   224 |    92 |    37 ||   505
  Eat: Chunk             |     3 |     6 |     9 |    23 |    27 |    16 |    29 |    21 |    11 ||   145
       Meat ration       |       |     1 |       |       |       |     3 |     5 |     2 |     5 ||    16
       Fruit             |       |       |     4 |    10 |       |     7 |     3 |       |     7 ||    31
       Royal jelly       |       |       |     2 |       |     3 |     8 |     3 |     2 |     5 ||    23
Armor: Robe              |     6 |       |       |       |    20 |    66 |    97 |    66 |       ||   255
       Leather armour    |    42 |    50 |    58 |    73 |    72 |       |       |       |       ||   295
       Ice dragon scales |       |       |       |       |       |       |       |    25 |   736 ||   761
Dodge: Dodged            |   167 |   146 |   196 |   509 |   842 |  1258 |  1267 |   970 |  1950 ||  7305
Block: Buckler           |       |       |       |       |   201 |   103 |       |       |       ||   304
       Rpst.: Double sword |       |       |       |       |     5 |   145 |   230 |   199 |   341 ||   920
